 Dungeon Crawl Stone Soup version 0.32-a0-931-g5a2cda0 (webtiles) character file.

Game seed: 12439049004216170136

1705 rotlqkf the Basher (level 9, -1/97 HPs)
             Began as an Oni Artificer on Apr 13, 2024.
             Was an Initiate of Gozag.
             Slain by an orc warrior
             ... wielding a +0 halberd
              (13 damage)
             ... on level 6 of the Dungeon.
             The game lasted 00:10:50 (6991 turns).

rotlqkf the Basher (Oni Artificer)                  Turns: 6991, Time: 00:10:51

Health: -1/97      AC:  3    Str: 20    XL:     9   Next: 3%
Magic:  9/9        EV:  9    Int: 20    God:    Gozag
Gold:   672        SH:  0    Dex:  9    Spells: 8/8 levels left

rFire   . . .        e - +0 giant spiked club
rCold   . . .        (shield currently unavailable)
rNeg    . . .        b - +0 robe
rPois   .            (helmet restricted)
rElec   .            (no cloak)
rCorr   .            (gloves unavailable)
SInv    .            (boots unavailable)
Will    .....        u - amulet of the acrobat
Stlth   +            g - +6 ring of intelligence
HPRegen 0.36/turn    (no ring)
MPRegen 0.11/turn

%: acrobat
@: no status effects
A: large, unfitting armour, horns 1, tough skin 1, double potion healing,
drunken brawling
a: Renounce Religion, Potion Petition, Call Merchant, Bribe Branch


You were on level 6 of the Dungeon.
You worshipped Gozag.
Gozag was pleased with you.
You visited 2 branches of the dungeon, and saw 7 of its levels.

You collected 726 gold pieces.
You paid 54 gold pieces to Gozag.

Inventory:

Hand Weapons
 e - a +0 giant spiked club (weapon)
 o - a +0 flail
Missiles
 t - 9 poisoned darts
Armour
 b - a +0 robe (worn)
 w - a +0 cloak
Jewellery
 g - a +6 ring of intelligence (left hand)
 u - an amulet of the acrobat (around neck)
Wands
 c - a wand of flame (8) (quivered)
 d - a wand of charming (6)
Scrolls
 f - 3 scrolls of identify {unknown}
 h - a scroll of enchant armour {unknown}
 i - a scroll of brand weapon {unknown}
 k - 2 scrolls of fog {unknown}
 n - a scroll of immolation {unknown}
 q - 3 scrolls of revelation {unknown}
 s - 3 scrolls of poison {unknown}
 v - a scroll of teleportation {unknown}
Potions
 j - a potion of enlightenment {unknown}
 l - a potion of degeneration
 m - a potion of heal wounds
 p - a potion of mutation {unknown}
 r - a potion of magic {unknown}


   Skills:
 + Level 8.6 Fighting
 * Level 9.1 Maces & Flails
 - Level 2.1 Dodging
 - Level 0.6 Stealth
 - Level 2.4 Evocations


You had 8 spell levels left.
You didn't know any spells.
Your spell library contained the following spells:

 Spells                   Type           Power      Damage    Failure   Level
 Magic Dart               Conj           0%         1d3       19%         1
 Blink                    Tloc           0%         N/A       28%         2
 Call Imp                 Summ           0%         N/A       28%         2
 Lesser Beckoning         Tloc           0%         N/A       28%         2
 Inner Flame              Hex/Fire       0%         N/A       50%         3
 Maxwell's Portable Pile  Tloc           0%         2d(5-13)  50%         3
 Teleport Other           Tloc           0%         N/A       50%         3
 Flame Wave               Conj/Fire      0%         2d4       88%         4
 Sticky Flame             Fire/Alch      0%         2d4       88%         4


Dungeon Overview and Level Annotations

Branches:
Dungeon (6/15)             Temple (1/1) D:6

Altars:
Ashenzari
Cheibriados
Dithmenos
Elyvilon
Fedhas
Gozag
Hepliaklqana
Kikubaaqudgha
Makhleb
Nemelex Xobeh
Okawaru
Qazlal
Vehumet
Wu Jian
Xom
Yredelemnul
Zin
The Shining One

Shops:
D:1 (


Innate Abilities, Weirdness & Mutations

You are too large for most types of armour.
You have a pair of small horns on your head.
You have tough skin. (AC +1)
You gain doubled healing and magic from potions.
Whenever you drink a healing potion, you attack all around you.


Message History

You hit the orc warrior.
The orc warrior is lightly wounded.
The orc warrior hits you with a +0 halberd!
You closely miss the orc warrior.
The orc warrior is lightly wounded.
The orc warrior hits you with a +0 halberd.
The orc warrior hits you with a +0 halberd!
You barely miss the orc warrior.
The orc warrior is lightly wounded.
The orc warrior hits you with a +0 halberd.
You closely miss the orc warrior. Your headbutt misses the orc warrior.
The orc warrior is lightly wounded.
The orc warrior hits you with a +0 halberd!
You closely miss the orc warrior.
The orc warrior is lightly wounded.
The orc warrior barely misses you. x2
You bludgeon the orc warrior!!
The orc warrior is severely wounded.
The orc warrior closely misses you.
You barely miss the orc warrior.
The orc warrior is severely wounded.
The orc warrior hits you with a +0 halberd!
* * * LOW HITPOINT WARNING * * *
You barely miss the orc warrior.
The orc warrior is severely wounded.
The orc warrior barely misses you.
The orc warrior hits you with a +0 halberd!
* * * LOW HITPOINT WARNING * * *
You hit the orc warrior. Your headbutt misses the orc warrior.
The orc warrior is almost dead.
The orc warrior completely misses you.
You hit the orc warrior but do no damage.
Your headbutt misses the orc warrior.
The orc warrior is almost dead.
The orc warrior hits you but does no damage.
You closely miss the orc warrior.
The orc warrior is almost dead.
The orc warrior hits you with a +0 halberd!
You die...
Your body crumbles into a pile of gold.

.#...###..#.# .....
##...#....#.# #....
#...#.#.##.######
#....
#...#.#.........#
...#.
#####.#####.###.#
.#... #.#.....# #.#
...#. #.#.#####
#<####### #....
######.# #.......#
#.... #...##.# #####
#@#####.# #....
#.#.##.# #...#.#o#####
#....
#.#....###.#...!.....#
#####
#..........####......#
#
...####..............#
### ##
...........####......#
..# #. ...#....##..#
#......# #.# #.
####.##.###.###......#
#.# ###.
#.##.))...##......#
#.# #...


You could see an orc warrior.

Vanquished Creatures
  Eustachio (D:4)
  A water moccasin (D:6)
  3 ice beasts (D:6)
  2 ogres
  2 centaurs
  2 phantoms
  2 scorpions (D:6)
  2 bombardier beetles (D:5)
  3 hounds
  A jelly (D:5)
  A sleepcap (D:4)
  6 iguanas
  An orc wizard (D:4)
  Robin (D:3)
  6 adders
  4 gnolls
  2 ribbon worms
  2 dart slugs
  8 orcs
  3 bats
  13 endoplasms
  3 giant cockroaches
  9 goblins
  5 hobgoblins
  10 jackals
  6 kobolds
  5 quokkas
  4 ball pythons
  A frilled lizard (D:2)
  7 rats
116 creatures vanquished.

Vanquished Creatures (collateral kills)
  An orc (D:6)
  3 goblins (D:3)
  A ball python (D:3)
5 creatures vanquished.

Vanquished Creatures (others)
  An adder (D:3)
  2 goblins (D:3)
  A hobgoblin (D:3)
  A ball python (D:3)
5 creatures vanquished.

Grand Total: 126 creatures vanquished

Notes
Turn   | Place    | Note
-------+----------+-------------------------------------------
     0 | D:1      | rotlqkf the Oni Artificer began the quest for the Orb.
     0 | D:1      | Reached XP level 1. HP: 19/19 MP: 1/1
    41 | D:1      | Reached skill level 1 in Maces & Flails
    66 | D:1      | Reached XP level 2. HP: 20/28 MP: 2/2
   239 | D:1      | Found Ycea's Weapon Boutique.
   484 | D:1      | Reached skill level 2 in Maces & Flails
   484 | D:1      | Reached XP level 3. HP: 29/36 MP: 3/3
   647 | D:1      | Found a faded altar of an unknown god.
   916 | D:2      | Identified the +4 short sword "Byr Liri" {freeze, rPois
                  | rC+}
  1767 | D:3      | Reached XP level 4. HP: 6/44 MP: 4/4
  1801 | D:3      | Found an opulent altar of Gozag.
  1817 | D:3      | Reached skill level 3 in Maces & Flails
  1823 | D:3      | Found a blossoming altar of Fedhas.
  1823 | D:3      | Found a glowing golden altar of the Shining One.
  1865 | D:3      | Found a sparkling altar of Nemelex Xobeh.
  1866 | D:3      | Noticed Robin
  1904 | D:3      | Became a worshipper of Gozag Ym Sagoz the Greedy
  1963 | D:3      | Killed Robin
  2688 | D:4      | Reached XP level 5. HP: 27/54 MP: 5/5
  3166 | D:4      | Reached skill level 4 in Maces & Flails
  3596 | D:4      | Reached XP level 6. HP: 61/63 MP: 6/6
  3747 | D:4      | Noticed Eustachio
  3779 | D:4      | Killed Eustachio
  3780 | D:4      | Reached skill level 5 in Fighting
  3780 | D:4      | Reached skill level 5 in Maces & Flails
  4249 | D:5      | Entered Level 5 of the Dungeon
  4347 | D:5      | Reached XP level 7. HP: 64/72 MP: 7/7
  4468 | D:5      | Reached skill level 6 in Maces & Flails
  4723 | D:5      | Found a stormy altar of Qazlal.
  4723 | D:5      | Found a hazy altar of Hepliaklqana.
  5351 | D:5      | Reached skill level 7 in Maces & Flails
  5351 | D:5      | Reached XP level 8. HP: 81/84 MP: 8/8
  5436 | D:6      | Found a staircase to the Ecumenical Temple.
  5484 | Temple   | Entered the Ecumenical Temple
  5979 | D:6      | Reached skill level 8 in Maces & Flails
  6835 | D:6      | Reached skill level 9 in Maces & Flails
  6835 | D:6      | Reached XP level 9. HP: 55/97 MP: 9/9
  6991 | D:6      | Slain by an orc warrior

Illustrated notes

Levels and vault maps discovered:
D:1:      wander_arrival_lonely_grave, layout_loops_cross,
          ebering_ecumenical_altar_box, serial_shops, shop,
          minmay_misc_feat_alley, grunt_decor_one_mirror, grunt_decor_cap
D:2:      layout_rooms, kennysheep_another_room, solitary_fountain
D:3:      layout_basic, mainiacjoe_overflow_chevrons,
          gammafunk_temple_overflow_forgotten, serial_bayou_lake_a, uniq_robin
D:4:      layout_basic, serial_rivers, chequers_serial_rivers_micro_c,
          chequers_serial_rivers_small_3, chequers_serial_rivers_micro_d,
          chequers_serial_rivers_micro_e, uniq_eustachio
D:5:      layout_basic, gammafunk_temple_overflow_statue
D:6:      layout_basic, minmay_temple_entry_sparse_star, lightli_orcish_oven
Temple:   minmay_temple_forest_path

Skill      XL: |  1  2  3  4  5  6  7  8 |
---------------+-------------------------+-----
Maces & Flails | 1 2 3 4 5 7 9 |  9.1
Fighting       | 2 3 4 5 6 8 |  8.6
Dodging        | |  2.1
Stealth        | |  0.6
Evocations     | |  2.4

Action                     |  1- 3 |  4- 6 |  7- 9 || total
---------------------------+-------+-------+-------++-------
  Melee: Club              |   150 |    57 |       ||   207
         Headbutt          |    19 |    29 |    32 ||    80
         Flail             |       |    95 |   131 ||   226
         Giant spiked club |       |       |    37 ||    37
  Throw: Dart              |       |     4 |       ||     4
  Evoke: Wand              |     4 |    31 |     5 ||    40
    Use: Potion            |       |     4 |       ||     4
   Stab: Sleeping          |     1 |       |       ||     1
         Distracted        |       |       |     1 ||     1
 Armour: Robe              |   127 |   199 |   148 ||   474
  Dodge: Dodged            |    93 |   114 |    77 ||   284

Table legend: (Time is in decaauts)
 A = Elapsed time spent in this place.
 B = Non-inter-level travel time spent in this place.
 C = Inter-level travel time spent in this place.
 D = Time resting spent in this place.
 E = Time spent auto-exploring this place.
 F = Levels seen in this place.
 G = Mean time per level.
                   A        B        C        D        E       F      G
               +--------+--------+--------+--------+--------+-----+--------+
         Total |   7071 |   6938 |    133 |    596 |   4973 |   7 | 1010.1 |
       Dungeon |   7060 |   6927 |    133 |    596 |   4973 |   6 | 1176.7 |
        Temple |     10 |     10 |      0 |      0 |      0 |   1 |   10.0 |
               +--------+--------+--------+--------+--------+-----+--------+

Top non-repeatable levels by time:
     D:6: 1522 daAuts
     D:4: 1358 daAuts
     D:3: 1268 daAuts
     D:5: 1229 daAuts
     D:1: 1120 daAuts
     D:2: 560 daAuts
  Temple: 10 daAuts
